 Dungeon Crawl Stone Soup version 0.29.1-1-gd02db6906a (webtiles) character file.

Game seed: 6259837431126432544

483 groovy9 the Skirmisher (level 7, -1/50 HPs)
             Began as a Formicid Hunter on Sept 18, 2022.
             Slain by an orc warrior
             ... wielding a +0 scimitar
              (17 damage)
             ... on level 5 of the Dungeon.
             The game lasted 00:09:55 (4481 turns).

groovy9 the Skirmisher (Formicid Hunter)            Turns: 4481, Time: 00:09:55

Health: -1/50      AC:  3    Str: 15    XL:     7   Next: 34%
Magic:  7/7        EV: 12    Int:  9    God:
Gold:   301        SH:  0    Dex: 19    Spells: 6/6 levels left

rFire   . . .      SeeInvis +   a - +1 shortbow (vorpal)
rCold   . . .      Faith    .   (no shield)
rNeg    . . .      Spirit   .   c - +0 leather armour
rPois   .          Reflect  .   (helmet unavailable)
rElec   .          Harm     .   (no cloak)
rCorr   .          Rampage  .   (no gloves)
Will    .....                   (no boots)
Stlth   ++........              (no amulet)
HPRegen 0.16/turn               (no ring)
MPRegen 0.10/turn               (no ring)

@: no status effects
A: permanent stasis, dig shafts and tunnels, antennae 3, four strong arms
a: Dig, Shaft Self


You were on level 5 of the Dungeon.
You visited 1 branch of the dungeon, and saw 6 of its levels.

You collected 301 gold pieces.

Inventory:

Hand Weapons
 a - a +1 vorpal shortbow (weapon)
Armour
 c - a +0 leather armour (worn)
Wands
 d - a wand of roots (7)
Scrolls
 b - 2 scrolls of immolation
 e - a scroll of amnesia
 i - a scroll of enchant weapon
 j - a scroll of brand weapon
 k - a scroll of blinking {unknown}
 m - a scroll of noise {unknown}
Potions
 f - 3 potions of attraction
 g - a potion of heal wounds {unknown}
 h - a potion of brilliance {unknown}
 l - a potion of curing {unknown}
 n - a potion of resistance {unknown}


   Skills:
 - Level 2.1 Fighting
 + Level 8.3 Ranged Weapons
 - Level 1.7 Dodging
 - Level 1.2 Stealth


You had 6 spell levels left.
You didn't know any spells.
Your spell library contained the following spells:

 Spells                   Type           Power      Damage    Failure   Level
 Ensorcelled Hibernation  Hex/Ice        0%         N/A       58%         2
 Sublimation of Blood     Necr           0%         N/A       58%         2
 Wereblood                Tmut           0%         N/A       58%         2
 Spider Form              Tmut/Pois      0%         N/A       83%         3
 Anguish                  Hex/Necr       0%         N/A       99%         4
 Summon Hydra             Summ           0%         N/A       100%        7


Dungeon Overview and Level Annotations

Branches:
Dungeon (6/15)
 Temple: D:4-7

Altars:
Elyvilon
The Shining One


Innate Abilities, Weirdness & Mutations

You cannot be hasted, slowed, berserked, paralysed or teleported.
You can dig through walls and to a lower floor.
You have a pair of large antennae on your head. (SInv)
Your four strong arms can wield two-handed weapons with a shield.


Message History

The iguana is heavily wounded.
You shoot an arrow. The arrow hits the iguana!
You kill the iguana!
Your life force feels restored.
No target in view!
m - a scroll labelled JEEQUBRAXZE As you open the door, it creaks loudly!
There is an open door here.
Found a stone staircase leading down.
There is a stone staircase leading down here.
You sense a monster nearby.
You shoot an arrow. The orc warrior shouts!
The arrow hits the orc warrior!
The orc warrior is heavily wounded.
You shoot an arrow. The arrow hits the orc warrior.
The orc warrior is heavily wounded.
You shoot an arrow.
The arrow hits the orc warrior but does no damage.
The orc warrior is heavily wounded.
You shoot an arrow.
The arrow hits the orc warrior but does no damage.
The orc warrior is heavily wounded.
Okay, then.
Okay, then.
Okay, then.
You shoot an arrow.
The arrow closely misses the orc warrior.
The orc warrior hits you with a +0 scimitar!
You are too injured to fight recklessly!
Fire: a) +1 shortbow (vorpal)
Press: ? - help, Q - select action, (/) - cycle Shift-Dir - straight line, f/p - orc warrior
Aim: an orc warrior, wielding a +0 scimitar and wearing a +0 plate armour (heavily wounded, 67% to hit)
You shoot an arrow. The arrow hits the orc warrior.
The orc warrior is severely wounded.
You hear a shout!
The orc warrior hits you with a +0 scimitar!!
Are you sure you want to shaft yourself?
The orc warrior hits you with a +0 scimitar!
You die...

#..#######....#.#)#####.# #.
#..# ### #........(.....# ##.
##.#######.####.#.#####.# #..
#.......(.#..(.......#.# #.#
#######.#{..##.#.....#.# #..
#.###{##.#######.# ### #.#
#{##.........#######
#######.###.#############...##
............o@.........>#.#.##
#######.###.###########.#.#.##
#.# #.# #.#.#<#. #.# #.#
#.#.###. #.# #.# #.#..... #.#
#.# ##.###### #.# #.# #..# #.#
#.# ###..# #.# ##....#


You could see an orc warrior.

Vanquished Creatures
  Grinder (D:3)
  An iguana (D:5)
  An orc wizard (D:4)
  3 gnolls (D:3)
  8 adders
  A white imp (D:5)
  2 ufetubi
  A worm (D:5)
  2 dart slugs
  12 orcs
  4 ball pythons
  9 endoplasms
  4 giant cockroaches
  8 goblins
  6 hobgoblins
  6 jackals
  7 kobolds
  4 quokkas
  3 bats
  3 rats
86 creatures vanquished.

Notes
Turn   | Place    | Note
-------+----------+-------------------------------------------
     0 | D:1      | groovy9 the Formicid Hunter began the quest for the Orb.
     0 | D:1      | Reached XP level 1. HP: 16/16 MP: 1/1
    75 | D:1      | Reached XP level 2. HP: 22/22 MP: 2/2
   231 | D:1      | Reached XP level 3. HP: 27/27 MP: 3/3
   520 | D:1      | Reached skill level 5 in Ranged Weapons
  1119 | D:2      | Reached XP level 4. HP: 31/33 MP: 4/4
  1897 | D:3      | Found a white marble altar of Elyvilon.
  2092 | D:3      | Reached skill level 6 in Ranged Weapons
  2092 | D:3      | Reached XP level 5. HP: 38/38 MP: 5/5
  2215 | D:3      | Noticed Grinder
  2226 | D:3      | Killed Grinder
  2227 | D:3      | Reached skill level 7 in Ranged Weapons
  2227 | D:3      | Reached XP level 6. HP: 26/44 MP: 6/6
  2925 | D:4      | Reached XP level 7. HP: 35/50 MP: 7/7
  3304 | D:4      | Reached skill level 8 in Ranged Weapons
  3781 | D:5      | Entered Level 5 of the Dungeon
  4029 | D:5      | Found a glowing golden altar of the Shining One.
  4108 | D:5      | You fall into a shaft and drop 1 floor!
  4481 | D:5      | Slain by an orc warrior

Illustrated notes

Levels and vault maps discovered:
D:1:      amcnicky_arrival_single_pillar, layout_basic, nicolae_titane
D:2:      layout_basic, wad_orctagon
D:3:      kennysheep_six_static_rooms, layout_loops_ring, elyvilon_altar_3,
          uniq_grinder
D:4:      layout_cave_pods, kennysheep_generic_room_14
D:5:      layout_basic, lemuel_doored_altar, minmay_misc_feat_encased,
          kennysheep_small_square, uniq_blork_the_orc
D:6:      layout_loops_ring, kennysheep_mini_moat

Skill      XL: |  1  2  3  4  5  6  7 |
---------------+----------------------+-----
Ranged Weapons | 5 6 7 8 |  8.3
Fighting       | |  2.1
Dodging        | |  1.7
Stealth        | |  1.2

Action                   |  1- 3 |  4- 6 |  7- 9 || total
-------------------------+-------+-------+-------++-------
 Fire: Shortbow          |    74 |    79 |    79 ||   232
 Abil: Dig               |     2 |     2 |     2 ||     6
       Shaft Self        |       |       |     2 ||     2
  Use: Scroll            |     2 |     7 |       ||     9
       Potion            |       |     2 |       ||     2
Armor: Leather armour    |     6 |     9 |     6 ||    21
Dodge: Dodged            |    22 |     5 |    19 ||    46
